 Dungeon Crawl Stone Soup version 0.27.1 (webtiles) character file.

Game seed: 943377623131744749

74 safid the Chopper (level 4, 0/40 HPs)
             Began as a Hill Orc Fighter on Sept 2, 2021.
             Slain by an orc (8 damage)
             ... on level 3 of the Dungeon.
             The game lasted 00:04:27 (2400 turns).

safid the Chopper (Hill Orc Fighter)                Turns: 2400, Time: 00:04:28

Health: 0/40       AC:  8    Str: 19    XL:     4   Next: 30%
Magic:  4/4        EV:  7    Int:  8    God:
Gold:   74         SH:  9    Dex: 10    Spells: 3/3 levels left

rFire    . . .     SeeInvis .   m - +0 broad axe
rCold    . . .     Faith    .   c - +0 kite shield
rNeg     + . .     Spirit   .   b - +0 scale mail
rPois    .         Reflect  .   o - +0 helmet
rElec    .         Harm     .   (no cloak)
rCorr    .         Rampage  .   (no gloves)
Will     .....                  (no boots)
Stlth    ..........             (no amulet)
HPRegen  0.13/turn              k - ring of positive energy
MPRegen  0.09/turn              (no ring)

@: no status effects
A: no striking features
a: no special abilities


You were on level 3 of the Dungeon.
You visited 1 branch of the dungeon, and saw 3 of its levels.

You collected 74 gold pieces.

Inventory:

Hand Weapons
 j - a +1 antimagic spear
 m - a +0 broad axe (weapon)
Missiles
 p - 6 poisoned darts (quivered)
Armour
 b - a +0 scale mail (worn)
 c - a +0 kite shield (worn)
 o - a +0 helmet (worn)
Jewellery
 k - a ring of positive energy (left hand)
Wands
 n - a wand of iceblast (12)
Scrolls
 a - 2 scrolls of identify {unknown}
 e - a scroll of vulnerability {unknown}
 h - a scroll of noise {unknown}
 l - a scroll of amnesia {unknown}
Potions
 d - a potion of might
 f - a potion of flight {unknown}
 g - 2 potions of heal wounds {unknown}
 i - 2 potions of haste {unknown}


   Skills:
 + Level 4.1 Fighting
 + Level 4.4 Axes
 - Level 3.6 Armour
 - Level 0.1 Dodging
 + Level 3.9 Shields


You had 3 spell levels left.
You didn't know any spells.
Your spell library was empty.

Dungeon Overview and Level Annotations

Branches:
Dungeon (3/15)

Altars:
Dithmenos


Message History

You hit the rat.
You kill the rat!
No target in view!
An orc comes into view. It is wielding a +0 dagger.
The orc shouts!
You hear a shout!
An orc comes into view. It is wielding a +0 mace.
The orc shouts!
An orc comes into view. It is wielding a +6 morningstar.
The orc shouts!
You closely miss the orc. You block the orc's attack.
You barely miss the orc. The orc barely misses you.
The orc hits you but does no damage.
You barely miss the orc. You block the orc's attack. x2
You slash the orc!
You kill the orc!
You block the orc's attack.
You closely miss the orc. The orc hits you but does no damage.
You closely miss the orc. The orc hits you with a +0 mace.
The orc hits you with a +0 mace!
You closely miss the orc. The orc hits you with a +0 mace.
You slash the orc!
You kill the orc!
Your shield and scale mail prevent you from hitting the orc.
The orc hits you but does no damage. The orc hits you with a +6 morningstar!
You are too injured to fight recklessly!
You are too injured to fight recklessly!
You are too injured to fight recklessly!
You are too injured to fight recklessly!
You are too injured to fight recklessly!
You hit the orc.
The orc is lightly wounded.
The orc barely misses you. The orc closely misses you.
You closely miss the orc.
The orc is lightly wounded.
The orc hits you with a +6 morningstar!
* * * LOW HITPOINT WARNING * * *
You barely miss the orc.
The orc is lightly wounded.
The orc hits you but does no damage. The orc hits you with a +6 morningstar!
You die...

#.# #.# #.# #.#
#.# #.# #o# ## #@#
#≈♣♣####.#####.
##♣≈≈.............
#PP≈≈.......###...
#♣≈≈P........##.
#≈≈PP............
#
##♣≈≈...#..>.##..
#. #≈≈≈#.)...## .
##. ###.#.....# ..


You could see an orc.

Vanquished Creatures
  2 adders (D:2)
  A dart slug (D:2)
  2 orcs (D:3)
  3 endoplasms
  3 giant cockroaches
  3 goblins
  5 hobgoblins
  4 jackals (D:1)
  6 quokkas
  6 ball pythons
  2 bats (D:2)
  3 frilled lizards (D:1)
  4 kobolds
  3 rats
47 creatures vanquished.

Vanquished Creatures (others)
  5 plants (D:2)
5 creatures vanquished.

Grand Total: 52 creatures vanquished

Notes
Turn   | Place    | Note
-------+----------+-------------------------------------------
     0 | D:1      | safid the Hill Orc Fighter began the quest for the Orb.
     0 | D:1      | Reached XP level 1. HP: 19/19 MP: 1/1
   190 | D:1      | Found a faded altar of an unknown god.
   223 | D:1      | Reached XP level 2. HP: 21/27 MP: 2/2
  1340 | D:2      | Reached XP level 3. HP: 30/33 MP: 3/3
  1515 | D:2      | Found a shadowy altar of Dithmenos.
  1991 | D:2      | Reached XP level 4. HP: 25/40 MP: 4/4
  2400 | D:3      | Slain by an orc

Illustrated notes

Levels and vault maps discovered:
D:1:      matt_arrival_diagonals, layout_basic,
          chequers_ecumenical_altar_simple, serial_curves, eino_curves_03,
          eino_curves_03, st_stairs_2, grunt_decor_mini_mirrors
D:2:      layout_rooms, basic_altar, chequers_serial_rivers_micro_b,
          serial_bayou_pond_b
D:3:      layout_loops_ring, serial_bayou, serial_bayou_pond_d,
          serial_bayou_pond_b, serial_bayou_shore_a, serial_bayou_pond_e,
          serial_bayou_shore_b, uniq_grinder, uniq_crazy_yiuf_cottage

Skill      XL: |  1  2  3 |
---------------+----------+-----
Axes           | 3 4 |  4.4
Fighting       | 4 |  4.1
Armour         | |  3.6
Dodging        | |  0.1
Shields        | |  3.9

Action                   |  1- 3 |  4- 6 || total
-------------------------+-------+-------++-------
Melee: War axe           |   108 |       ||   108
       Broad axe         |    34 |    18 ||    52
Armor: Scale mail        |    69 |     7 ||    76
Dodge: Dodged            |    62 |     4 ||    66
Block: Kite shield       |    81 |     6 ||    87
